TOP OF THE 1ST |
University of Nebraska Cornhuskers batting - Pitching for Arizona State University Sun Devils : RHP Jim Unknown
|
Pitching: RHP Jim Unknown
|
|
Batting: RHB Willie Acevedo
|
0-0: Ball 1-0: Called Strike 1-1: Ball 2-1: Ball 3-1: Ground out 6-3 (Groundball, 6, EV 103.8 MPH)
|
Batting: RHB Shi-fu Cuan
|
0-0: Called Strike 0-1: Foul Ball, location: 2F 0-2: Ball 1-2: Foul Ball, location: 2F 1-2: Fly out, F7 (Line Drive, 7, EV 104.4 MPH)
|
Batting: RHB Fred Rodriguez
|
0-0: Called Strike 0-1: SINGLE (Groundball, 6D, EV 107.5 MPH)
|
Batting: RHB Ricky Avila
|
0-0: Ball 1-0: Foul Ball, location: 2F 1-1: Ball 2-1: Foul Ball, location: 2F 2-2: Ball 3-2: Reached on error, E5 (Groundball, 5, EV 99.4 MPH) Fred Rodriguez to second
|
Batting: LHB Roger Shearing
|
0-0: Ball 1-0: Called Strike 1-1: Ball 2-1: Ball 3-1: Base on Balls Fred Rodriguez to third Ricky Avila to second
|
Batting: LHB Chris Mena
|
0-0: Ball 1-0: Ball 2-0: Called Strike 2-1: Ball 3-1: Foul Ball, location: 2F 3-2: Base on Balls Fred Rodriguez scores Ricky Avila to third Roger Shearing to second
|
Batting: RHB Tim Lovelass
|
0-0: Ball 1-0: Ball 2-0: Called Strike 2-1: Ball 3-1: Base on Balls Ricky Avila scores Roger Shearing to third Chris Mena to second
|
Batting: LHB Pete Fischer
|
0-0: Ball 1-0: Ball 2-0: Ball 3-0: Base on Balls Roger Shearing scores Chris Mena to third Tim Lovelass to second
|
Batting: RHB George Buffy
|
0-0: Called Strike 0-1: Called Strike 0-2: Fly out, F5 (Popup, 5SF, EV 75.6 MPH)
|
Top of the 1st over - 3 runs, 1 hit, 1 error, 3 left on base; University of Nebraska 3 - Arizona State University 0 |
BOTTOM OF THE 1ST |
Arizona State University Sun Devils batting - Pitching for University of Nebraska Cornhuskers : RHP Danny Sosa
|
Pitching: RHP Danny Sosa
|
|
Batting: LHB Jim Unknown
|
0-0: Foul Ball, location: 2F 0-1: Fly out, F9 (Flyball, 9S, EV 78.1 MPH)
|
Batting: SHB Jim Unknown
|
0-0: Ball 1-0: Called Strike 1-1: Swinging Strike 1-2: Ball 2-2: Strikes out swinging
|
Batting: RHB Jim Unknown
|
0-0: Ball 1-0: Ball 2-0: SINGLE (Groundball, 56D, EV 97.5 MPH)
|
Batting: LHB Jim Unknown
|
0-0: Swinging Strike 0-1: Foul Ball, location: 2F 0-2: Ball 1-2: Strikes out looking
|
Bottom of the 1st over - 0 runs, 1 hit, 0 errors, 1 left on base; University of Nebraska 3 - Arizona State University 0 |
TOP OF THE 2ND |
University of Nebraska Cornhuskers batting - Pitching for Arizona State University Sun Devils : RHP Jim Unknown
|
Batting: RHB Willie Acevedo
|
0-0: Ball 1-0: Ball 2-0: Ball 3-0: Called Strike 3-1: Base on Balls
|
Batting: RHB Shi-fu Cuan
|
0-0: Ball 1-0: Called Strike 1-1: Swinging Strike 1-2: Strikes out swinging
|
Batting: RHB Fred Rodriguez
|
0-0: Ball 1-0: Ball 2-0: DOUBLE (Groundball, 5L, EV 102.5 MPH) Willie Acevedo to third Runner from 3rd tries for Home, SAFE, no throw by LF
|
Batting: RHB Ricky Avila
|
0-0: Called Strike 0-1: Ground out 5-3 (Groundball, 25, EV 86.2 MPH)
|
Batting: LHB Roger Shearing
|
0-0: Called Strike 0-1: Ball 1-1: Fly out, F3 (Flyball, 3D, EV 76.9 MPH)
|
Top of the 2nd over - 1 run, 1 hit, 0 errors, 1 left on base; University of Nebraska 4 - Arizona State University 0 |
BOTTOM OF THE 2ND |
Arizona State University Sun Devils batting - Pitching for University of Nebraska Cornhuskers : RHP Danny Sosa
|
Batting: RHB Jim Unknown
|
0-0: Ball 1-0: Swinging Strike 1-1: Fly out, F7 (Flyball, 78D, EV 99.4 MPH)
|
Batting: LHB Jim Unknown
|
0-0: Ball 1-0: Swinging Strike 1-1: Ball 2-1: Ball 3-1: Base on Balls
|
Batting: RHB Jim Unknown
|
Pickoff Throw to First - Out! 1-3 0-0: Foul Ball, location: 2F 0-1: Ball 1-1: Fly out, F9 (Flyball, 89XD, EV 89.4 MPH)
|
Bottom of the 2nd over - 0 runs, 0 hits, 0 errors, 0 left on base; University of Nebraska 4 - Arizona State University 0 |
TOP OF THE 3RD |
University of Nebraska Cornhuskers batting - Pitching for Arizona State University Sun Devils : RHP Jim Unknown
|
Batting: LHB Chris Mena
|
0-0: Foul Ball, location: 2F 0-1: Ball 1-1: Ball 2-1: SINGLE (Groundball, 4D, EV 105.6 MPH)
|
Batting: RHB Tim Lovelass
|
0-0: Ball 1-0: SINGLE (Flyball, 9LS, EV 98.8 MPH) Chris Mena to second
|
Batting: LHB Pete Fischer
|
0-0: Ball 1-0: Foul Ball, location: 2F 1-1: Swinging Strike 1-2: Ball 2-2: SINGLE (Groundball, 56D, EV 96.2 MPH) Chris Mena to third Tim Lovelass to second
|
Batting: RHB George Buffy
|
0-0: Called Strike 0-1: Fielders Choice at 2nd, 6-4 (Groundball, 56, EV 100.0 MPH) Chris Mena scores Tim Lovelass to third
|
Batting: RHB Willie Acevedo
|
0-0: Ball 1-0: Swinging Strike 1-1: Ball 2-1: TRIPLE (Flyball, 78XD, EV 107.5 MPH) Tim Lovelass scores George Buffy scores
|
Pitching: RHP Jim Unknown
|
|
Batting: RHB Shi-fu Cuan
|
0-0: Ball 1-0: Ball 2-0: Foul Ball, location: 2F 2-1: Foul Ball, location: 2F 2-2: Ball 3-2: Base on Balls
|
Batting: RHB Fred Rodriguez
|
0-0: SINGLE (Line Drive, 89S, EV 96.9 MPH) Willie Acevedo scores Shi-fu Cuan to second
|
Batting: RHB Ricky Avila
|
0-0: Ball 1-0: Ball 2-0: Grounds into double play, 6-4-3 (Groundball, 56, EV 91.9 MPH)
|
Top of the 3rd over - 4 runs, 5 hits, 0 errors, 1 left on base; University of Nebraska 8 - Arizona State University 0 |
BOTTOM OF THE 3RD |
Arizona State University Sun Devils batting - Pitching for University of Nebraska Cornhuskers : RHP Danny Sosa
|
Batting: RHB Jim Unknown
|
0-0: Called Strike 0-1: Ball 1-1: Fly out, F9 (Flyball, 9D, EV 90.6 MPH)
|
Batting: RHB Jim Unknown
|
0-0: Called Strike 0-1: Ball 1-1: Swinging Strike 1-2: Foul Ball, location: 2F 1-2: Strikes out looking
|
Batting: LHB Jim Unknown
|
0-0: Called Strike 0-1: Ball 1-1: Foul Ball, location: 2F 1-2: Ground out 5-3 (Groundball, 5L, EV 110.6 MPH)
|
Bottom of the 3rd over - 0 runs, 0 hits, 0 errors, 0 left on base; University of Nebraska 8 - Arizona State University 0 |
TOP OF THE 4TH |
University of Nebraska Cornhuskers batting - Pitching for Arizona State University Sun Devils : RHP Jim Unknown
|
Batting: LHB Roger Shearing
|
0-0: Ball 1-0: Foul Ball, location: 2F 1-1: Called Strike 1-2: Strikes out swinging
|
Batting: LHB Chris Mena
|
0-0: Foul Ball, location: 2F 0-1: Ball 1-1: DOUBLE (Flyball, 8LXD, EV 96.9 MPH)
|
Batting: RHB Tim Lovelass
|
0-0: Swinging Strike 0-1: Ball 1-1: SINGLE (Groundball, 56S, EV 73.1 MPH) (infield hit) Chris Mena to third
|
Batting: LHB Pete Fischer
|
0-0: Ball 1-0: Ball 2-0: Ball 3-0: Called Strike 3-1: Foul Ball, location: 2F 3-2: SINGLE (Groundball, 4MD, EV 101.2 MPH) Chris Mena scores Tim Lovelass to second
|
Batting: RHB George Buffy
|
0-0: DOUBLE (Line Drive, 78D, EV 111.9 MPH) Tim Lovelass scores Pete Fischer to third Runner from 3rd tries for Home, throw by CF and OUT! 8-6-2
|
Batting: RHB Willie Acevedo
|
0-0: Ball 1-0: SINGLE (Flyball, 8LS, EV 91.2 MPH) George Buffy to third Runner from 3rd tries for Home, SAFE, throw by CF to home
|
Batting: SHB Toby Patenaude
|
0-0: Ball 1-0: Ball 2-0: Foul Ball, location: 2F 2-1: Swinging Strike 2-2: Foul Ball, location: 2F 2-2: Foul Ball, location: 2F 2-2: Reached on error, E4 (Groundball, 34, EV 111.2 MPH) Willie Acevedo to second
|
Batting: RHB Fred Rodriguez
|
0-0: Foul Ball, location: 2F 0-1: Ball 1-1: Ball 2-1: Foul Ball, location: 2F 2-2: Foul Ball, location: 2F 2-2: Ball 3-2: 3-RUN HOME RUN (Flyball, 7D, EV 103.8 MPH), Distance : 410 ft
|
Pitching: RHP Jim Unknown
|
|
Batting: RHB Ricky Avila
|
0-0: Ball 1-0: Called Strike 1-1: Called Strike 1-2: SINGLE (Groundball, P, EV 89.4 MPH) (infield hit)
|
Batting: LHB Roger Shearing
|
0-0: Called Strike 0-1: Fly out, F7 (Flyball, 8LM, EV 79.4 MPH)
|
Top of the 4th over - 6 runs, 7 hits, 1 error, 1 left on base; University of Nebraska 14 - Arizona State University 0 |
BOTTOM OF THE 4TH |
Arizona State University Sun Devils batting - Pitching for University of Nebraska Cornhuskers : RHP Danny Sosa
|
Batting: SHB Jim Unknown
|
0-0: Called Strike 0-1: Ball 1-1: Ball 2-1: Foul Ball, location: 2F 2-2: Ball 3-2: SINGLE (Groundball, 13, EV 88.1 MPH) (infield hit)
|
Batting: RHB Jim Unknown
|
0-0: Foul Ball, location: 2F 0-1: Called Strike 0-2: Strikes out looking
|
Batting: LHB Jim Unknown
|
Pickoff Throw to First - Out! 1-3 0-0: Ground out U3 (Groundball, 34, EV 103.8 MPH)
|
Bottom of the 4th over - 0 runs, 1 hit, 0 errors, 0 left on base; University of Nebraska 14 - Arizona State University 0 |
TOP OF THE 5TH |
University of Nebraska Cornhuskers batting - Pitching for Arizona State University Sun Devils : RHP Jim Unknown
|
Pinch Hitting: RHB Chris Lenius
|
0-0: Ball 1-0: Ball 2-0: Ball 3-0: Called Strike 3-1: Base on Balls
|
Pinch Hitting: RHB Antonio Beltran
|
0-0: Called Strike 0-1: Ball 1-1: Foul Ball, location: 2F 1-2: Foul Ball, location: 2F 1-2: Ball 2-2: Ball 3-2: Foul Ball, location: 2F 3-2: Foul Ball, location: 2F 3-2: Foul Ball, location: 2F 3-2: Fielders Choice at 2nd, 5-4 (Groundball, 5, EV 84.4 MPH)
|
Pinch Hitting: SHB Ken Kidd
|
0-0: Ball 1-0: Swinging Strike 1-1: Fly out, F9 (Line Drive, 9D, EV 100.0 MPH)
|
Batting: RHB George Buffy
|
0-0: Ball 1-0: Fly out, F4 (Line Drive, 4, EV 72.5 MPH)
|
Top of the 5th over - 0 runs, 0 hits, 0 errors, 1 left on base; University of Nebraska 14 - Arizona State University 0 |
BOTTOM OF THE 5TH |
Arizona State University Sun Devils batting - Pitching for University of Nebraska Cornhuskers : RHP Danny Sosa
|
Pitching: RHP Jerry Dunne
|
|
Now at 1B: Chris Lenius
|
|
Now at 3B: Antonio Beltran
|
|
Now in CF: Ken Kidd
|
|
Batting: RHB Jim Unknown
|
0-0: Ball 1-0: Foul Ball, location: 2F 1-1: Fly out, F3 (Flyball, 3D, EV 75.6 MPH)
|
Batting: LHB Jim Unknown
|
0-0: Called Strike 0-1: Ball 1-1: Ground out 5-3 (Groundball, 56, EV 103.1 MPH)
|
Batting: RHB Jim Unknown
|
0-0: Ball 1-0: Ball 2-0: Ball 3-0: Called Strike 3-1: Base on Balls
|
Batting: RHB Jim Unknown
|
0-0: Called Strike 0-1: Swinging Strike 0-2: Ball 1-2: Ball 2-2: Foul Ball, location: 2F 2-2: Ball 3-2: Ground out 6-3 (Groundball, 6, EV 101.9 MPH)
|
Bottom of the 5th over - 0 runs, 0 hits, 0 errors, 1 left on base; University of Nebraska 14 - Arizona State University 0 |
TOP OF THE 6TH |
University of Nebraska Cornhuskers batting - Pitching for Arizona State University Sun Devils : RHP Jim Unknown
|
Batting: RHB Willie Acevedo
|
0-0: Called Strike 0-1: Ball 1-1: Foul Ball, location: 2F 1-2: Ball 2-2: Foul Ball, location: 2F 2-2: Ground out 5-3 (Groundball, 5S, EV 91.2 MPH)
|
Batting: SHB Toby Patenaude
|
0-0: Ball 1-0: Ball 2-0: Reached via error on a dropped throw from 1B, E1 (Groundball, 34S, EV 85.0 MPH)
|
Batting: RHB Fred Rodriguez
|
0-0: Ball 1-0: Foul Ball, location: 2F 1-1: Foul Ball, location: 2F 1-2: Foul Ball, location: 2F 1-2: Foul Ball, location: 2F 1-2: Ball 2-2: Foul Ball, location: 2F 2-2: Fly out, F7 (Flyball, 7LS, EV 90.6 MPH)
|
Batting: RHB Ricky Avila
|
|
Pinch Hitting: LHB Martin Koka
|
0-0: Fielders Choice at 2nd, 6-4 (Groundball, 56, EV 110.6 MPH)
|
Top of the 6th over - 0 runs, 0 hits, 1 error, 1 left on base; University of Nebraska 14 - Arizona State University 0 |
BOTTOM OF THE 6TH |
Arizona State University Sun Devils batting - Pitching for University of Nebraska Cornhuskers : RHP Jerry Dunne
|
Now in LF: Martin Koka
|
|
Batting: RHB Jim Unknown
|
0-0: Ball 1-0: Fly out, F8 (Line Drive, 8LM, EV 90.6 MPH)
|
Batting: LHB Jim Unknown
|
0-0: Ground out 6-3 (Groundball, 56, EV 90.0 MPH)
|
Batting: SHB Jim Unknown
|
0-0: Called Strike 0-1: Ball 1-1: Ball 2-1: Ball 3-1: Ground out 4-3 (Groundball, 4, EV 92.5 MPH)
|
Bottom of the 6th over - 0 runs, 0 hits, 0 errors, 0 left on base; University of Nebraska 14 - Arizona State University 0 |
TOP OF THE 7TH |
University of Nebraska Cornhuskers batting - Pitching for Arizona State University Sun Devils : RHP Jim Unknown
|
Pinch Hitting: LHB Arunansu Meenan
|
0-0: SOLO HOME RUN (Flyball, 9D, EV 96.2 MPH), Distance : 377 ft
|
Batting: RHB Chris Lenius
|
0-0: Ball 1-0: Called Strike 1-1: Called Strike 1-2: Strikes out swinging
|
Batting: RHB Antonio Beltran
|
0-0: Ground out 4-3 (Groundball, 4, EV 90.0 MPH)
|
Batting: SHB Ken Kidd
|
0-0: Ball 1-0: Swinging Strike 1-1: Swinging Strike 1-2: Ball 2-2: Ball 3-2: Reached on error, E6 (Groundball, 6M, EV 86.9 MPH)
|
Batting: RHB George Buffy
|
0-0: Ball 1-0: Ball 2-0: Ball 3-0: Called Strike 3-1: Base on Balls Ken Kidd to second
|
Batting: RHB Willie Acevedo
|
0-0: Called Strike 0-1: Ball 1-1: Foul Ball, location: 2F 1-2: Ground out 1-3 (Groundball, 34S, EV 64.4 MPH)
|
Top of the 7th over - 1 run, 1 hit, 1 error, 2 left on base; University of Nebraska 15 - Arizona State University 0 |
BOTTOM OF THE 7TH |
Arizona State University Sun Devils batting - Pitching for University of Nebraska Cornhuskers : RHP Jerry Dunne
|
Now in RF: Arunansu Meenan
|
|
Batting: RHB Jim Unknown
|
0-0: Ball 1-0: Ball 2-0: Called Strike 2-1: Foul Ball, location: 2F 2-2: Foul Ball, location: 2F 2-2: Fly out, F7 (Flyball, 7LM, EV 106.2 MPH)
|
Batting: LHB Jim Unknown
|
0-0: Ball 1-0: Swinging Strike 1-1: Ball 2-1: Foul Ball, location: 2F 2-2: Ball 3-2: Foul Ball, location: 2F 3-2: Strikes out swinging
|
Batting: RHB Jim Unknown
|
0-0: Called Strike 0-1: Swinging Strike 0-2: Ball 1-2: Foul Ball, location: 2F 1-2: Ball 2-2: Strikes out looking
|
Bottom of the 7th over - 0 runs, 0 hits, 0 errors, 0 left on base; University of Nebraska 15 - Arizona State University 0 |
TOP OF THE 8TH |
University of Nebraska Cornhuskers batting - Pitching for Arizona State University Sun Devils : RHP Jim Unknown
|
Batting: SHB Jiong Qi
|
0-0: Ball 1-0: Called Strike 1-1: Swinging Strike 1-2: Ball 2-2: Ball 3-2: Base on Balls
|
Pitching: RHP Jim Unknown
|
|
Batting: RHB Fred Rodriguez
|
0-0: DOUBLE (Flyball, 78D, EV 103.1 MPH) Jiong Qi to third
|
Batting: LHB Martin Koka
|
0-0: Called Strike 0-1: SINGLE (Groundball, 34D, EV 104.4 MPH) Jiong Qi scores Fred Rodriguez to third
|
Batting: LHB Arunansu Meenan
|
0-0: Ball 1-0: Ball 2-0: Ball 3-0: Base on Balls Martin Koka to second
|
Batting: RHB Chris Lenius
|
0-0: Foul Ball, location: 2F 0-1: Called Strike 0-2: Ball 1-2: Ball 2-2: Fly out, F8 (Flyball, 8LM, EV 89.4 MPH) Runner from 3rd tags up, SCORES, throw by CF
|
Batting: RHB Antonio Beltran
|
0-0: Ball 1-0: Called Strike 1-1: Called Strike 1-2: Grounds into double play, 5-4-3 (Groundball, 56, EV 92.5 MPH)
|
Top of the 8th over - 2 runs, 2 hits, 0 errors, 1 left on base; University of Nebraska 17 - Arizona State University 0 |
BOTTOM OF THE 8TH |
Arizona State University Sun Devils batting - Pitching for University of Nebraska Cornhuskers : RHP Jerry Dunne
|
Batting: LHB Jim Unknown
|
0-0: Swinging Strike 0-1: Ball 1-1: Foul Ball, location: 2F 1-2: Ball 2-2: Foul Ball, location: 2F 2-2: Foul Ball, location: 2F 2-2: Strikes out swinging
|
Pitching: LHP Danny Hernandez
|
|
Batting: RHB Jim Unknown
|
0-0: Ball 1-0: Called Strike 1-1: Ball 2-1: Swinging Strike 2-2: Strikes out swinging
|
Batting: RHB Jim Unknown
|
0-0: Ball 1-0: Ball 2-0: Ball 3-0: Called Strike 3-1: Foul Ball, location: 2F 3-2: Strikes out swinging
|
Bottom of the 8th over - 0 runs, 0 hits, 0 errors, 0 left on base; University of Nebraska 17 - Arizona State University 0 |
TOP OF THE 9TH |
University of Nebraska Cornhuskers batting - Pitching for Arizona State University Sun Devils : RHP Jim Unknown
|
Batting: SHB Ken Kidd
|
0-0: Ball 1-0: Called Strike 1-1: Ground out 1-3 (Groundball, 15S, EV 65.6 MPH)
|
Batting: RHB George Buffy
|
0-0: Called Strike 0-1: Ball 1-1: Foul Ball, location: 2F 1-2: Fly out, F4 (Popup, 34S, EV 81.2 MPH)
|
Batting: RHB Willie Acevedo
|
0-0: Swinging Strike 0-1: Ball 1-1: Ball 2-1: Ball 3-1: Base on Balls
|
Batting: SHB Jiong Qi
|
0-0: Called Strike 0-1: Ball 1-1: Ball 2-1: SINGLE (Groundball, 4MD, EV 113.1 MPH) Willie Acevedo to second
|
Pinch Hitting: RHB Mike Robinson
|
0-0: Foul Ball, location: 2F 0-1: Ball 1-1: Ball 2-1: SINGLE (Line Drive, 4D, EV 98.8 MPH) Willie Acevedo to third Jiong Qi to second Runner from 3rd tries for Home, SAFE, throw by CF to home
|
Batting: LHB Martin Koka
|
0-0: Fly out, F3 (Popup, 3, EV 67.5 MPH)
|
Top of the 9th over - 1 run, 2 hits, 0 errors, 2 left on base; University of Nebraska 18 - Arizona State University 0 |
BOTTOM OF THE 9TH |
Arizona State University Sun Devils batting - Pitching for University of Nebraska Cornhuskers : LHP Danny Hernandez
|
Now at 2B: Mike Robinson
|
|
Batting: LHB Jim Unknown
|
0-0: Ground out 4-3 (Groundball, 4, EV 90.0 MPH)
|
Batting: LHB Jim Unknown
|
0-0: Foul Ball, location: 2F 0-1: Ball 1-1: Ball 2-1: Fly out, F8 (Flyball, 8RD, EV 84.4 MPH)
|
Batting: SHB Jim Unknown
|
0-0: Ball 1-0: Called Strike 1-1: Ball 2-1: Ball 3-1: Foul Ball, location: 2F 3-2: Base on Balls
|
Batting: RHB Jim Unknown
|
0-0: Ball 1-0: Foul Ball, location: 2F 1-1: Fly out, F8 (Flyball, 8RXD, EV 96.2 MPH)
|
Bottom of the 9th over - 0 runs, 0 hits, 0 errors, 1 left on base; University of Nebraska 18 - Arizona State University 0 |
|